 Dungeon Crawl Stone Soup version 0.22.1-1-ga44c0e56f4 (webtiles) character file.

802 Mysteryquy the Covert (level 7, -6/33 HPs)
             Began as a Spriggan Enchanter on Oct 28, 2018.
             Was an Initiate of Gozag.
             Killed from afar by an electric eel (16 damage)
             ... with a bolt of electricity
             ... on level 6 of the Dungeon.
             The game lasted 00:13:56 (6210 turns).

Mysteryquy the Covert (Spriggan Enchanter)          Turns: 6210, Time: 00:13:57

Health: -6/33      AC:  5    Str:  4    XL:     7   Next: 59%
Magic:  23/23      EV: 20    Int: 17    God:    Gozag
Gold:   346        SH:  0    Dex: 18    Spells: 8/14 levels left

rFire    . . .     SeeInvis +   a - +2 dagger
rCold    . . .     Gourm    .   (shield restricted)
rNeg     . . .     Faith    .   p - +2 robe {MR+}
rPois    .         Spirit   .   (helmet restricted)
rElec    .         Reflect  .   f - +0 cloak
rCorr    .         Harm     .   (gloves unavailable)
MR       ++...                  (boots unavailable)
Stlth    ++++......             (no amulet)
HPRegen  0.11/turn              c - ring of wizardry
MPRegen  0.18/turn              i - ring of magical power

@: very quick
A: very small, unfitting armour, see invisible, herbivore, speed 3, slow
metabolism 2
a: Potion Petition, Call Merchant, Bribe Branch, Renounce Religion


You were on level 6 of the Dungeon.
You worshipped Gozag.
Gozag was aware of your devotion.
You were not hungry.

You visited 2 branches of the dungeon, and saw 7 of its levels.

You collected 418 gold pieces.
You paid 72 gold pieces to Gozag.

Inventory:

Hand Weapons
 a - a +2 dagger (weapon)
 l - a +0 blowgun
Missiles
 r - 13 poisoned needles
 v - 7 curare-tipped needles
Armour
 b - a +1 robe
 f - a +0 cloak (worn)
 p - a +2 robe of magic resistance (worn)
Jewellery
 c - a ring of wizardry (left hand)
 i - a ring of magical power (right hand)
 q - a +2 ring of evasion {unknown}
 t - an uncursed ring of protection from cold {unknown}
Wands
 w - a wand of random effects (24)
 y - a wand of digging (14)
Scrolls
 e - a scroll of enchant weapon
 h - 6 scrolls of identify
 k - 2 scrolls of noise
 m - 2 scrolls of remove curse
 u - a scroll of fog {unknown}
 x - a scroll of teleportation {unknown}
Potions
 g - a potion of might
 j - 2 potions of degeneration {unknown}
 n - 3 potions of curing {unknown}
 o - 2 potions of agility {unknown}
 s - 2 potions of heal wounds {unknown}
Comestibles
 d - 7 rations


   Skills:
 + Level 1.1 Fighting
 + Level 3.3 Short Blades
 + Level 0.1 Throwing
 + Level 4.3 Dodging
 + Level 8.9 Stealth
 + Level 4.4 Spellcasting
 + Level 5.8 Hexes
 + Level 1.9 Ice Magic


You had 8 spell levels left.
You knew the following spells:

 Your Spells              Type           Power        Failure   Level  Hunger
a - Corona                Hex            ###....      1%          1    None
b - Ensorcelled Hibernat  Hex/Ice        ###...       1%          2    ##.....
c - Tukima's Dance        Hex            ###.....     1%          3    ###....

Your spell library contained the following spells:

 Spells                   Type           Power        Failure   Level  Hunger
 Confuse                  Hex            ###.....     1%          3    ###....
 Dazzling Spray           Conj/Hex       ##....       6%          3    ###....


Dungeon Overview and Level Annotations

Branches:
Dungeon (6/15)             Temple (1/1) D:4

Altars:
Ashenzari
Cheibriados
Dithmenos
Elyvilon
Fedhas
Gozag
Hepliaklqana
Kikubaaqudgha
Makhleb
Nemelex Xobeh
Okawaru
Qazlal
Ru
Sif Muna
Trog
Uskayaw
Vehumet
Wu Jian
Xom
Yredelemnul
Zin
The Shining One

Shops:
D:5 :


Innate Abilities, Weirdness & Mutations

You are very small and have problems with some larger weapons.
You are too small for most types of armour.
You have supernaturally acute eyesight. (SInv)
You are a herbivore.
You cover ground extremely quickly.
You need to consume almost no food.


Message History

An electric eel comes into view.
An electric eel is nearby!
An electric eel comes into view.
There is an open door here.
A wight comes into view. It is wielding an enchanted halberd.
A wight comes into view. It is wielding a halberd.
A wight comes into view. It is wielding an enchanted hand axe.
A wight comes into view. It is wielding an enchanted flail.
The electric eel shoots out a bolt of lightning at you!
The bolt of electricity misses you.
You enter the shallow water.
Moving in this stuff is going to be slow.
The electric eel shoots out a bolt of lightning at you!
The bolt of electricity hits you! The bolt of electricity misses you.
The electric eel shoots out a bolt of lightning at you!
The bolt of electricity hits you!
The electric eel shoots out a bolt of lightning at you!
The bolt of electricity hits you!
You die...
Your body crumbles into a pile of gold.

#...###........
#####.#.#
##.......
#.....#.#
#...#...
#.###...#
#....###
#.###############
# #.#......z..zz
# #.#.≈≈≈≈z≈≈≈≈≈
# #.#.≈≈≈≈;≈≈≈≈≈
#.@.≈≈≈≈≈≈≈≈≈≈
###.≈≈;≈≈≈≈≈≈≈
#...........
############


You could see 2 electric eels and 2 wights.

Vanquished Creatures
  An ogre (D:5)
  2 crimson imps (D:5)
  A centaur zombie (D:5)
  A hound (D:5)
  2 orc priests
  A centaur skeleton (D:5)
  An iguana (D:4)
  Terence (D:3)
  4 orc wizards
  3 worker ants
  A howler monkey zombie (D:5)
  12 adders
  An adder skeleton (D:4)
  5 worms
  3 dart slugs
  3 leopard geckos
  17 orcs
  9 giant cockroaches
  7 goblins
  7 hobgoblins
  4 jackals (D:4)
  13 kobolds
  4 quokkas
  A ball python zombie (D:5)
  5 bats
  5 frilled lizards
  A jackal skeleton (D:5)
  6 rats
121 creatures vanquished.

Notes
Turn   | Place    | Note
-------+----------+-------------------------------------------
     0 | D:1      | Mysteryquy the Spriggan Enchanter began the quest for the
                  | Orb.
     0 | D:1      | Reached XP level 1. HP: 9/9 MP: 5/5
   303 | D:1      | Reached XP level 2. HP: 8/13 MP: 6/6
  1148 | D:1      | Reached skill level 5 in Stealth
  1491 | D:2      | Reached XP level 3. HP: 6/16 MP: 8/8
  1753 | D:2      | Learned a level 2 spell: Ensorcelled Hibernation
  1757 | D:2      | Learned a level 3 spell: Tukima's Dance
  1990 | D:3      | Noticed Terence
  1991 | D:3      | Killed Terence
  1991 | D:3      | Reached XP level 4. HP: 21/21 MP: 9/9
  2246 | D:2      | Found a sacrificial altar of Ru.
  2257 | D:2      | Reached skill level 6 in Stealth
  2278 | D:2      | Reached XP level 5. HP: 15/25 MP: 3/11
  3412 | D:3      | Reached skill level 1 in Ice Magic
  3499 | D:3      | Reached XP level 6. HP: 24/29 MP: 12/12
  3511 | D:3      | Reached skill level 1 in Fighting
  3511 | D:3      | Reached skill level 7 in Stealth
  3901 | D:4      | Reached skill level 5 in Hexes
  4244 | D:4      | Found a staircase to the Ecumenical Temple.
  4254 | Temple   | Entered the Ecumenical Temple
  4679 | D:4      | Found an opulent altar of Gozag.
  4772 | D:4      | Became a worshipper of Gozag Ym Sagoz the Greedy
  4813 | D:4      | Found a shadowy altar of Dithmenos.
  4818 | D:4      | Found an ancient bone altar of Kikubaaqudgha.
  4904 | D:4      | Found a shattered altar of Ashenzari.
  4966 | D:5      | Entered Level 5 of the Dungeon
  4971 | D:5      | Reached XP level 7. HP: 33/33 MP: 14/14
  5015 | D:5      | Reached skill level 8 in Stealth
  5110 | D:5      | Found a glowing silver altar of Zin.
  5519 | D:5      | Found Lages's Book Emporium.
  6210 | D:6      | Killed from afar by an electric eel

Skill      XL: |  1  2  3  4  5  6  7 |
---------------+----------------------+-----
Hexes          | 4 5 |  5.8
Stealth        | 5 6 7 8 |  8.9
Spellcasting   | 3 4 |  4.4
Short Blades   | 2 3 |  3.3
Ice Magic      | 1 |  1.9
Fighting       | 1 |  1.1
Dodging        | 4 |  4.3
Throwing       | |  0.1

Action                   |  1- 3 |  4- 6 |  7- 9 || total
-------------------------+-------+-------+-------++-------
Melee: Dagger            |   164 |   256 |   347 ||   767
 Fire: Blowgun           |       |     8 |       ||     8
 Cast: Corona            |     2 |       |       ||     2
       Ensorcelled Hiber |     7 |    69 |    22 ||    98
Invok: Potion Petition   |       |     1 |       ||     1
  Use: Scroll            |       |     7 |       ||     7
 Stab: Sleeping          |     8 |    50 |    11 ||    69
       Distracted        |       |     1 |       ||     1
       Paralysed         |       |     1 |       ||     1
  Eat: Ration            |       |     2 |     2 ||     4
Armor: Robe              |     9 |    24 |    45 ||    78
Dodge: Dodged            |   138 |   205 |   227 ||   570
